 Dungeon Crawl Stone Soup version 0.29.1-15-g9cfb28693d (webtiles) character file.

Game seed: 2919558496435398699

110457 CatalinOSBI the Tortoise (level 16, -31/155 HPs)
             Began as a Minotaur Berserker on Apr 7, 2023.
             Was the Champion of Trog.
             Blown up by an orb spider (57 damage)
             ... with an orb of destruction
             ... on level 1 of the Spider Nest.
             The game lasted 02:56:30 (30565 turns).

CatalinOSBI the Tortoise (Minotaur Berserker)      Turns: 30565, Time: 02:56:30

Health: -31/155    AC: 21    Str: 25    XL:     16   Next: 7%
Magic:  24/24      EV: 14    Int: 11    God:    Trog [******]
Gold:   1189       SH:  5    Dex: 11    Spells: 15/15 levels left

rFire   . . .      SeeInvis .   a - +4 sling of Lunwauma {venom, Int+8}
rCold   . . .      Faith    .   c - +0 buckler
rNeg    + + .      Spirit   .   h - +4 scale mail
rPois   +          Reflect  .   (helmet restricted)
rElec   .          Harm     .   w - +0 cloak {rPois}
rCorr   +          Rampage  .   G - +2 pair of gloves
Will    +....                   L - +0 pair of boots
Stlth   ..........              t - amulet of regeneration
HPRegen 1.15/turn               g - ring of the Lich-sworn {Fly rN++ rCorr MP+9 Dex-5}
MPRegen 0.19/turn               p - ring of poison resistance

@: flying
A: horns 2, retaliatory headbutt, iridescent scales 1, agile 1, deformed body,
weak 1
a: Renounce Religion, Berserk, Trog's Hand, Brothers in Arms


You were on level 1 of the Spider Nest.
You worshipped Trog.
Trog was exalted by your worship.
You visited 4 branches of the dungeon, and saw 21 of its levels.
You also visited: Bailey and Ice Cave.

You collected 2315 gold pieces.
You spent 1126 gold pieces at shops.

Inventory:

Hand Weapons
 a - the +4 sling of Lunwauma (weapon) {venom, Int+8}
   (You found it on level 11 of the Dungeon)

   Any ammunition fired from it poisons the flesh of those it strikes.
   Int:       It affects your intelligence (+8).
 b - the +9 hand axe of Watchfulness {vamp, rN+}
   (You took it off a kobold on level 8 of the Dungeon)

   It occasionally heals its wielder for a portion of the damage dealt when it
   wounds a living foe.
   rN:        It protects you from negative energy.
 s - a +7 war axe of flaming
 U - a +3 antimagic war axe
 Y - a +1 shortbow of freezing
Missiles
 i - 6 curare-tipped darts
 j - 34 poisoned darts
 l - 6 atropa-tipped darts
 v - 3 throwing nets
 x - 4 datura-tipped darts
Armour
 c - a +0 buckler (worn)
 h - a +4 scale mail (worn)
 w - a +0 cloak of poison resistance (worn)
 G - a +2 pair of gloves (worn)
 L - a +0 pair of boots (worn)
 Q - a +1 cloak
 Z - a +1 scale mail of fire resistance
Jewellery
 e - a ring of see invisible
 g - the ring of the Lich-sworn (left hand) {Fly rN++ rCorr MP+9 Dex-5}
   (You found it in an ice cave)

   [ring of flight]

   Dex:       It affects your dexterity (-5).
   rN:        It greatly protects you from negative energy.
   MP:        It affects your magic capacity (+9).
   Fly:       It grants you flight.
   rCorr:     It protects you from acid and corrosion.
 p - a ring of poison resistance (right hand)
 q - a +6 ring of dexterity
 t - an amulet of regeneration (around neck)
 u - a ring of resist corrosion
 y - a +6 ring of strength
Wands
 k - a wand of flame (41)
 B - a wand of roots (4)
 I - a wand of charming (6)
 K - a wand of light (16)
 T - a wand of polymorph (5)
Scrolls
 d - 6 scrolls of poison
 f - 4 scrolls of teleportation
 z - 10 scrolls of identify
 D - 3 scrolls of magic mapping
 J - 2 scrolls of fear
Potions
 m - 2 potions of might
 n - 3 potions of berserk rage
 o - 5 potions of brilliance
 r - 2 potions of mutation
 M - a potion of ambrosia
 P - a potion of lignification
 S - a potion of resistance
 W - a potion of cancellation
Miscellaneous
 E - a phial of floods
 F - a tin of tremorstones (1/2)
 O - a piece from Xom's chessboard (15/15)


   Skills:
 + Level 17.1 Fighting
 * Level 14.7 Axes
 - Level 10.0 Ranged Weapons
 - Level 19.3 Armour
 + Level 11.0 Dodging
 - Level 8.0 Shields
 - Level 6.0 Evocations


You had 15 spell levels left.
You didn't know any spells.
Your spell library was empty.

Dungeon Overview and Level Annotations

Branches:
Dungeon (13/15)            Temple (0/1) D:4            Lair (5/5) D:11
  Swamp (0/4) Lair:2       Spider (1/4) Lair:2        Slime (0/5) Lair:4
    Orc (2/2) D:12            Elf (0/3) Orc:2        Vaults (0/5) D:13
 Bailey (visited)           IceCv (visited)

Altars:
Ashenzari
Cheibriados
Kikubaaqudgha
Makhleb
Okawaru
Qazlal
Sif Muna
Xom
Zin
The Shining One

Shops:
D:10 *   Orc:2 [=*!

Portals:
Pandemonium: Orc:2


Innate Abilities, Weirdness & Mutations

You have a pair of horns on your head.
You reflexively headbutt those who attack you in melee.
You are partially covered in iridescent scales. (AC +2)
You are agile. (Dex +4, Str/Int -1)
Armour fits poorly on your strangely shaped body.
You are weak. (Str -2)


Message History

The orb spider begins to weave its threads into a brightly glowing ball.
You fly upwards.
Welcome back to the Lair of Beasts!
There is a hole to the Spider Nest, spattered with blood here.
You can't go up here!
You start resting.
HP restored.
You can't go up here!
You fly downwards.
Welcome back to the Spider Nest!
This branch contains the gossamer rune of Zot.
The orb spider weaves a glowing orb of energy.
An orb of destruction comes into view.
There is a crawl-hole back to the Lair, spattered with blood here.
You see here a culicivora corpse.
The orb spider begins to weave its threads into a brightly glowing ball.
The orb of destruction hits you!!!
You feel the dreadful sensation subside.
You feel clever.
The +4 sling of Lunwauma {venom, Int+8} begins to drip with poison!
a - the +4 sling of Lunwauma (weapon)
{venom, Int+8} The orb spider weaves a glowing orb of energy. x2 2 orbs of destruction come into view.
Okay, then.
There are no items here.
Unknown command.
Fire: a) +4 sling of Lunwauma {venom, Int+8}
Press: ? - help, Q - select action, (/) - cycle Shift-Dir - straight line, f - orb spider
Aim: an orb spider (71% to hit)
You shoot a sling bullet.
The sling bullet barely misses the orb spider.
The orb spider spins a strand of pure energy.
The orb of destruction hits you!!!
You feel better. The orb of destruction hits you!!!
* * * LOW HITPOINT WARNING * * *
A tarantella comes into view.
The orb spider weaves a glowing orb of energy.
The tarantella's many legs skitter faintly.
An orb of destruction comes into view.
The orb spider spins a strand of pure energy.
The orb of destruction hits you!!!
You die...

.. .#.....#....
............... .
.....#...........
.....#...........
....^............
........)..#.....
.....ss.s#.......
.....°○○@........
........°.#......
.......°.........
.................
....#......#.....
...........^.....
......#......#..#
.....#≈≈........
#... ##~.......


You could see 2 orb spiders and a tarantella.

Vanquished Creatures
  Rupert (Orc:2)
  Jorgrun (D:12)
  2 azure jellies (IceCv)
  A quicksilver ooze (IceCv)
  Azrael (D:13)
  An entropy weaver (Lair:2)
  Josephine (D:10)
  An ogre mage (D:12)
  2 vault guards (D:13)
  7 hydras
  2 radroaches (Lair:2)
  Erica (D:8)
  4 boulder beetles
  2 demonspawn (Orc:2)
  3 centaur warriors (D:13)
  4 catoblepae (Lair:5)
  8 two-headed ogres
  An anaconda (Lair:5)
  9 death yaks
  3 orc high priests (Orc:2)
  A sun demon (Orc:2)
  4 skeletal warriors (D:12)
  A sun moth (Lair:2)
  The ghost of H0rd4k the Insei, a novice OpAr (D:6)
  A steelbarb worm (Lair:2)
  2 wizards (D:13)
  Pikel (D:8)
  8 orc sorcerers (Orc:2)
  8 orc knights
  2 manticores (Lair:5)
  A necromancer (D:13)
  5 wolf spiders (Lair:2)
  2 deep elf pyromancers (D:12)
  3 ugly things
  A cyclops (D:13)
  Joseph (D:7)
  2 gargoyles
  6 elephants
  An eye of devastation (Lair:4)
  5 black mambas
  A rust devil (Orc:2)
  An ice statue (IceCv)
  An unseen horror (D:12)
  A demonic crawler (Lair:2)
  13 cane toads
  A yaktaur (D:13)
  6 kobold demonologists
  5 rime drakes
  2 ice devils (Orc:2)
  12 komodo dragons
  A red devil (Orc:2)
  A tengu conjurer (D:13)
  2 trolls
  3 polar bears
  7 blink frogs
  6 tarantellas (Lair:2)
  9 dream sheep
  The ghost of vvl the Digger, an amateur DsEE (D:5)
  Prince Ribbit (D:7)
  8 slime creatures (IceCv)
  10 jumping spiders (Lair:2)
  A shadow (D:10)
  3 culicivoras
  3 wyverns
  10 wraiths
  18 humans (D:13)
  47 yaks
  6 basilisks
  16 redbacks (Lair:2)
  5 fire elementals (D:13)
  A neqoxec (Orc:2)
  A steam dragon (D:7)
  6 vampire mosquitoes
  3 wargs
  3 hell hounds (D:13)
  2 acid dragons (D:10)
  14 water moccasins
  32 orc warriors
  3 great orb of eyes simulacra (IceCv)
  A black bear (D:11)
  A floating eye (Lair:4)
  Duvessa (D:7)
  3 ice beasts
  8 ogres
  11 centaurs
  35 wolves
  A lemure (D:8)
  A slime creature simulacrum (IceCv)
  6 kobold brigands
  2 necrophages
  6 bullfrogs
  3 glowing shapeshifter simulacra (IceCv)
  3 scorpions
  A wyvern skeleton (D:5)
  Dowan (D:7)
  10 killer bees
  7 howler monkeys
  An electric eel (D:12)
  A crimson imp (D:6)
  2 hounds
  A centaur zombie (D:5)
  2 jellies
  19 orc priests
  4 gnoll boudas
  Terence (D:2)
  12 iguanas
  17 orc wizards
  7 shapeshifter simulacra (IceCv)
  Robin (D:2)
  27 gnolls
  5 adders
  A shadow imp (D:7)
  3 white imps
  2 ufetubi
  3 worms
  3 dart slugs
  73 orcs
  6 bats
  4 endoplasms
  3 giant cockroaches
  19 goblins
  7 hobgoblins
  3 quokkas
  7 ball pythons
  15 frilled lizards
  21 kobolds
  6 rats (D:1)
754 creatures vanquished.

Vanquished Creatures (collateral kills)
  A storm dragon (D:13)
  An ettin (D:13)
  A phantasmal warrior (D:13)
3 creatures vanquished.

Vanquished Creatures (others)
  A jumping spider (Spider:1)
  20 fungi
  20 plants
  2 withered plants (D:6)
43 creatures vanquished.

Grand Total: 800 creatures vanquished

Notes
Turn   | Place    | Note
-------+----------+-------------------------------------------
     0 | D:1      | CatalinOSBI the Minotaur Berserker began the quest for the
                  | Orb.
     0 | D:1      | Reached XP level 1. HP: 19/19 MP: 0/0
   101 | D:1      | Reached XP level 2. HP: 20/27 MP: 1/1
   262 | D:1      | Found a faded altar of an unknown god.
   677 | D:1      | Reached skill level 3 in Armour
   678 | D:1      | Reached XP level 3. HP: 27/33 MP: 2/2
   950 | D:2      | Noticed Terence
   956 | D:2      | Reached ** piety under Trog
   961 | D:2      | Killed Terence
   968 | D:2      | Reached XP level 4. HP: 27/41 MP: 3/3
  1312 | D:2      | Noticed Robin
  1323 | D:2      | Killed Robin
  1324 | D:2      | Reached skill level 5 in Axes
  2380 | D:4      | Reached XP level 5. HP: 45/47 MP: 4/4
  2681 | D:4      | Reached skill level 4 in Armour
  2741 | D:4      | Reached *** piety under Trog
  2775 | D:4      | Reached skill level 5 in Fighting
  2861 | D:4      | Found a staircase to the Ecumenical Temple.
  2889 | D:4      | Reached XP level 6. HP: 56/56 MP: 5/5
  3167 | D:5      | Entered Level 5 of the Dungeon
  3639 | D:5      | Reached skill level 5 in Armour
  3639 | D:5      | Reached XP level 7. HP: 56/62 MP: 6/6
  3699 | D:5      | Found a runed translucent gate.
  3699 | D:5      | Found a runed translucent gate.
  3699 | D:5      | Found a runed translucent gate.
  3712 | D:5      | Noticed vvl's ghost (amateur DsEE)
  3720 | D:5      | Killed vvl's ghost
  3919 | D:5      | Reached XP level 8. HP: 49/71 MP: 7/7
  4057 | D:5      | Reached skill level 6 in Armour
  4061 | D:5      | Reached **** piety under Trog
  4194 | D:5      | You fall into a shaft and drop 2 floors!
  4412 | D:6      | Found a snail-covered altar of Cheibriados.
  4422 | D:6      | Found a runed translucent door.
  4422 | D:6      | Noticed H0rd4k's ghost (novice OpAr)
  5739 | D:6      | Found a shimmering altar of Xom.
  5739 | D:6      | Found a burning altar of Makhleb.
  5906 | D:6      | Killed H0rd4k's ghost
  5907 | D:6      | Reached skill level 10 in Axes
  5907 | D:6      | Reached skill level 7 in Armour
  5907 | D:6      | Reached XP level 9. HP: 54/81 MP: 8/8
  5908 | D:6      | Identified the +0 ring mail of the Great Game {rElec Will+
                  | Int+4}
  7004 | D:5      | Gained mutation: You are weak. (Str -2) [potion of
                  | mutation]
  7004 | D:5      | Gained mutation: You are agile. (Dex +4, Str/Int -1)
                  | [potion of mutation]
  7004 | D:5      | Gained mutation: You are partially covered in iridescent
                  | scales. (AC +2) [potion of mutation]
  7370 | D:7      | Noticed Dowan
  7405 | D:7      | Noticed Duvessa
  7406 | D:7      | Found a broken altar of Ashenzari.
  7423 | D:7      | Killed Duvessa
  7425 | D:7      | Reached skill level 8 in Armour
  7426 | D:7      | Killed Dowan
  7697 | D:7      | Noticed Joseph
  7716 | D:7      | Killed Joseph
  7863 | D:7      | Found an ancient bone altar of Kikubaaqudgha.
  7934 | D:7      | Found an iron altar of Okawaru.
  7934 | D:7      | Found a shimmering blue altar of Sif Muna.
  7982 | D:7      | Found a stormy altar of Qazlal.
  8084 | D:7      | Noticed Prince Ribbit
  8094 | D:7      | Killed Prince Ribbit
  8428 | D:8      | Noticed Erica
  8428 | D:8      | Identified the +9 hand axe of Watchfulness {vamp, rN+}
  8444 | D:8      | Reached skill level 9 in Armour
  8444 | D:8      | Reached XP level 10. HP: 91/91 MP: 9/9
  8462 | D:8      | Noticed Pikel
  8486 | D:8      | Killed Pikel
  8703 | D:8      | Killed Erica
  8825 | D:8      | Reached skill level 10 in Fighting
  8989 | D:8      | Found a flagged portal.
  8996 | Bailey   | Entered a bailey
  9113 | Bailey   | Noticed an orc knight
  9131 | Bailey   | Killed an orc knight
  9132 | Bailey   | Reached skill level 10 in Armour
  9138 | Bailey   | Reached ***** piety under Trog
  9200 | Bailey   | Found a bloodstained altar of Trog.
  9913 | D:9      | Reached skill level 1 in Shields
 10089 | D:9      | Reached XP level 11. HP: 102/102 MP: 10/10
 10417 | D:9      | Reached skill level 11 in Armour
 11079 | D:10     | Entered Level 10 of the Dungeon
 11145 | D:10     | Found a glowing golden altar of the Shining One.
 11204 | D:10     | Reached skill level 1 in Evocations
 11209 | D:10     | Found Qohiry's General Store.
 11229 | D:10     | Noticed a boulder beetle
 11238 | D:10     | Noticed a centaur warrior
 11247 | D:10     | Found the amulet of the Four Winds {rN+ Will+++ Clar}
 11248 | D:10     | Noticed Josephine
 11264 | D:10     | Killed Josephine
 11316 | D:10     | Noticed an ogre mage
 11677 | D:10     | Found a glowing silver altar of Zin.
 12087 | D:11     | Reached skill level 12 in Armour
 12520 | D:11     | Noticed a two-headed ogre
 12530 | D:11     | Killed a two-headed ogre
 12530 | D:11     | Received a gift from Trog
 12672 | D:11     | Found a staircase to the Lair.
 12715 | D:11     | Reached skill level 5 in Shields
 12895 | D:11     | Identified the +4 sling of Lunwauma {venom, Int+8}
 12978 | D:11     | Noticed a two-headed ogre
 12985 | D:11     | Killed a two-headed ogre
 13077 | D:11     | Noticed a two-headed ogre
 13086 | D:11     | Killed a two-headed ogre
 13087 | D:11     | Reached skill level 13 in Armour
 13266 | D:11     | Noticed a green ugly thing
 13277 | D:11     | Killed a green ugly thing
 13339 | D:11     | Reached XP level 12. HP: 112/112 MP: 11/11
 13637 | Lair:1   | Entered Level 1 of the Lair of Beasts
 13708 | Lair:1   | Noticed a death yak
 13708 | Lair:1   | Noticed a death yak
 13738 | Lair:1   | Killed a death yak
 13858 | Lair:1   | Noticed a death yak
 13885 | Lair:1   | Killed a death yak
 13886 | Lair:1   | Killed a death yak
 14461 | Lair:1   | Noticed a six-headed hydra
 14567 | Lair:1   | You fall into a shaft and drop 1 floor!
 14582 | Lair:2   | Reached skill level 14 in Armour
 15345 | Lair:1   | Killed a three-headed hydra
 15346 | Lair:1   | Reached skill level 5 in Evocations
 15744 | Lair:1   | Noticed a four-headed hydra
 15753 | Lair:1   | Killed a one-headed hydra
 16585 | Lair:2   | Found a hole to the Spider Nest.
 16692 | Lair:2   | Found a staircase to the Swamp.
 17468 | Lair:3   | Noticed a six-headed hydra
 17476 | Lair:3   | Killed a four-headed hydra
 17478 | Lair:3   | Noticed a boulder beetle
 17644 | Lair:3   | Reached skill level 15 in Armour
 17837 | Lair:3   | Noticed a five-headed hydra
 17857 | Lair:2   | Killed a boulder beetle
 17858 | Lair:2   | Reached XP level 13. HP: 88/122 MP: 12/12
 18392 | Lair:3   | Reached skill level 16 in Armour
 19160 | Lair:4   | Received a gift from Trog
 19357 | Lair:4   | Reached skill level 17 in Armour
 19448 | Lair:4   | Found a staircase to the Slime Pits.
 19454 | Lair:4   | Paralysed by a floating eye for 4 turns
 20010 | Lair:5   | Entered Level 5 of the Lair of Beasts
 20914 | Lair:5   | Reached XP level 14. HP: 111/133 MP: 13/13
 20982 | Lair:5   | Reached skill level 15 in Fighting
 20982 | Lair:5   | Reached skill level 18 in Armour
 21140 | Lair:5   | Reached skill level 5 in Dodging
 21913 | D:12     | Noticed Jorgrun
 21924 | D:12     | Killed Jorgrun
 22055 | D:12     | Found a staircase to the Orcish Mines.
 22084 | D:12     | Received a gift from Trog
 22363 | D:12     | Reached skill level 19 in Armour
 23454 | D:12     | Reached skill level 1 in Ranged Weapons
 23470 | D:12     | Identified the +0 leather armour "Xomuel" {rC+ rN++ Will+
                  | Dex-3}
 23717 | D:13     | Noticed Azrael
 23761 | D:13     | Killed Azrael
 23761 | D:13     | Received a gift from Trog
 23762 | D:13     | Reached skill level 5 in Ranged Weapons
 23979 | D:13     | Found a gate to the Vaults.
 24008 | D:13     | Reached XP level 15. HP: 124/143 MP: 14/14
 24320 | D:13     | Found a runed translucent door.
 24320 | D:13     | Noticed a storm dragon
 24477 | D:13     | Killed a storm dragon
 25173 | Orc:1    | Entered Level 1 of the Orcish Mines
 25282 | Orc:1    | Found a shimmering altar of Xom.
 25283 | Orc:1    | Found a frozen archway.
 25368 | IceCv    | Entered an ice cave
 25921 | IceCv    | Found a viscous altar of Jiyva.
 25921 | IceCv    | Noticed an azure jelly
 25929 | IceCv    | Killed an azure jelly
 25930 | IceCv    | Reached skill level 10 in Ranged Weapons
 25934 | IceCv    | Noticed an azure jelly
 25940 | IceCv    | Killed an azure jelly
 25954 | IceCv    | Identified the +0 robe of Roontoih {Fly Str-5 Int+2}
 25957 | IceCv    | Identified the ring of the Lich-sworn {Fly rN++ rCorr MP+9
                  | Dex-5}
 26547 | Orc:2    | Entered Level 2 of the Orcish Mines
 26574 | Orc:2    | Found a staircase to the Elven Halls.
 26695 | Orc:2    | Noticed Rupert
 26725 | Orc:2    | Killed Rupert
 27054 | Orc:2    | Found Joivec's General Store.
 27063 | Orc:2    | Found Qink's Distillery.
 27103 | Orc:2    | Received a gift from Trog
 27135 | Orc:2    | Bought a potion of invisibility for 136 gold pieces
 27247 | Orc:2    | Gained mutation: Armour fits poorly on your strangely
                  | shaped body. [a neqoxec]
 27782 | Orc:2    | Reached skill level 10 in Dodging
 27802 | Orc:2    | Paralysed by an orc sorcerer for 3 turns
 27907 | Orc:2    | Reached ****** piety under Trog
 27914 | Orc:2    | Found Daz Mod's Jewellery Shoppe.
 27914 | Orc:2    | Found Uzihefif's Antique Armour Emporium.
 27915 | Orc:2    | Found a one-way gate leading to the halls of Pandemonium.
 27923 | Orc:2    | Bought a ring of poison resistance for 300 gold pieces
 27923 | Orc:2    | Bought a +6 ring of strength for 540 gold pieces
 28269 | Spider:1 | Entered Level 1 of the Spider Nest
 28454 | Orc:2    | Bought an embroidered cloak for 150 gold pieces
 29377 | Lair:2   | Received a gift from Trog
 29971 | Lair:2   | Reached XP level 16. HP: 137/155 MP: 15/15
 30565 | Spider:1 | Blown up by an orb spider

Illustrated notes

Levels and vault maps discovered:
D:1:      psy_arrival_radial02, layout_basic, hellmonk_ecumenical_altar_run_dry
D:2:      layout_rooms, mrwooster_statue_mirror, uniq_terence, uniq_robin
D:3:      layout_loops_cross
D:4:      layout_rooms, temple_doors_e
D:5:      nicolae_BIG_FREAKIN_CUBE, layout_basic, gammafunk_ghost_necromancy
D:6:      layout_loops_cross, grunt_temple_overflow_champion_of_chaos,
          mainiacjoe_overflow_paths, gammafunk_ghost_grave
D:7:      layout_basic, mainiacjoe_overflow_chevrons,
          nicolae_overflow_quartered_altars, uniq_joseph, uniq_prince_ribbit1,
          uniq_duvessa
D:8:      layout_rooms, enter_bailey_2, nrook_uturn, serial_bayou_pond_e,
          uniq_pikel, uniq_erica
D:9:      layout_stronghold, minmay_misc_feat_hallway
D:10:     layout_rooms, tso_altar, mainiacjoe_overflow_tiny_flanked,
          nicolae_inconvenience_store, onia_ninara_dug_in_and_dangerous,
          uniq_josephine
D:11:     minmay_wavy_crystal, layout_long_grid, david_lair_generic
D:12:     lemuel_reptile_caves, layout_long_grid, david_orc_1_choice,
          uniq_jorgrun
D:13:     layout_gridville, grunt_vaults_entry_tiered, kennysheep_treasure_room,
          uniq_azrael
Lair:1:   layout_layer_cave
Lair:2:   layout_cave_pods, swamp_mist, spider_nest_entry_a, grunt_megastairs_2
Lair:3:   layout_small_grid, st_stairs_11, grunt_forest_small_clearing_treed,
          grunt_megastairs_3
Lair:4:   layout_roguey, minmay_slime_entry_eyes, grunt_forest_large_clearings
Lair:5:   evilmike_catoblepas_cave, layout_loops_ring, minmay_shattered_shrine
Spider:1: layout_spider_delve, nicolae_spider_baby_got_redback
Orc:1:    layout_caves, portal_ice_cave_entry_pillars_1,
          hangedman_feature_mirror
Orc:2:    pf_orc_diabolical, layout_diamond_mine, basic_altar, uniq_rupert

Skill      XL: |  1  2  3  4  5  6  7  8  9 10 11 12 13 14 15 16 |
---------------+-------------------------------------------------+-----
Axes           | 4 5 6 7 8 10 12 14 | 14.7
Fighting       | 4 5 6 8 9 11 12 13 14 15 17 | 17.1
Armour         | 3 4 5 7 9 10 13 15 17 19 | 19.3
Shields        | 1 5 8 |  8.0
Evocations     | 3 5 6 |  6.0
Dodging        | 4 7 10 11 | 11.0
Ranged Weapons | 7 10 | 10.0

Action                   |  1- 3 |  4- 6 |  7- 9 | 10-12 | 13-15 | 16-18 || total
-------------------------+-------+-------+-------+-------+-------+-------++-------
Melee: Hand axe          |    62 |   157 |   224 |   558 |  1380 |    72 ||  2453
       Headbutt          |     9 |    35 |    51 |   167 |   445 |    12 ||   719
       Punch             |       |     1 |     2 |     8 |     8 |       ||    19
       War axe           |       |       |       |    22 |    85 |       ||   107
 Fire: Sling             |       |       |       |       |   199 |     4 ||   203
Throw: Dart              |       |       |       |    28 |    16 |       ||    44
Invok: Berserk           |     1 |     1 |     5 |     5 |    10 |     1 ||    23
       Trog's Hand       |     1 |       |     1 |     2 |     4 |       ||     8
       Brothers in Arms  |       |       |       |       |     1 |       ||     1
Evoke: Wand              |       |       |       |     2 |    10 |       ||    12
       Tin of tremorston |       |       |       |       |     1 |       ||     1
  Use: Scroll            |       |     7 |     8 |    16 |    19 |     1 ||    51
       Potion            |       |     3 |     9 |     6 |    10 |     1 ||    29
 Stab: Invisible         |       |       |       |       |     6 |       ||     6
Armor: Animal skin       |     4 |       |       |       |       |       ||     4
       Scale mail        |    18 |    56 |    95 |   219 |   459 |    95 ||   942
       Skin              |       |       |       |       |     1 |       ||     1
Dodge: Dodged            |    49 |    73 |   121 |   226 |   613 |    81 ||  1163
Block: Buckler           |       |       |       |       |   286 |    34 ||   320
